 Dungeon Sprint DCSS version 0.26-a0-1184-g95e395e029 (webtiles) character file.

Game seed: 8826478993664485333

75 rocky1 the Zephyrmancer (level 4, -5/24 HPs)
             Began as a Tengu Air Elementalist on Dec 28, 2020.
             Was an Initiate of Sif Muna.
             Slain by a hornet (17 damage)
             ... in the Dungeon (Sprint IX: "|||||||||||||||||||||||||||||").
             The game lasted 00:03:43 (589 turns).

rocky1 the Zephyrmancer (Tengu Air Elementalist)     Turns: 589, Time: 00:03:43

Health: -5/24      AC:  3    Str:  8    XL:     4   Next: 31%
Magic:  1/8        EV: 14    Int: 16    God:    Sif Muna [......]
Gold:   0          SH:  0    Dex: 18    Spells: 2/7 levels left

rFire    . . .     SeeInvis .   n - +2 scimitar (flame)
rCold    . . .     Faith    .   (no shield)
rNeg     . . .     Spirit   .   c - +0 leather armour
rPois    .         Reflect  .   (helmet restricted)
rElec    .         Harm     .   (no cloak)
rCorr    .         Rampage  .   (no gloves)
Will     .....     NoTele   +   (boots unavailable)
Stlth    ++........             (no amulet)
HPRegen  0.08/turn              o - +2 ring of evasion
MPRegen  0.11/turn              p - +3 ring of dexterity

@: lethally poisoned (-5 -> -13), very slightly contaminated
A: beak, talons 3
a: Renounce Religion


You were in the Dungeon.
You worshipped Sif Muna.
Sif Muna was noncommittal.
You visited 1 branch

Inventory:

Hand Weapons
 b - a +0 club
 m - a +4 quarterstaff of speed
 n - a +2 scimitar of flaming (weapon)
Armour
 c - a +0 leather armour (worn)
Jewellery
 o - a +2 ring of evasion (left hand)
 p - a +3 ring of dexterity (right hand)
Wands
 l - a wand of iceblast (10)
Scrolls
 h - 2 scrolls of blinking
 j - 3 scrolls of remove curse
 k - 2 scrolls of amnesia
Potions
 a - a potion of invisibility
 d - 2 potions of heal wounds
 e - a potion of haste
 f - 3 potions of magic
 g - a potion of berserk rage
 i - 4 potions of curing


   Skills:
 + Level 0.1 Fighting
 + Level 0.1 Long Blades
 + Level 0.1 Armour
 + Level 2.2 Dodging
 - Level 2.0 Stealth
 + Level 2.0 Spellcasting
 + Level 1.4 Conjurations
 + Level 11.0 Air Magic
 + Level 0.0 Invocations


You had 2 spell levels left.
You knew the following spells:

 Your Spells              Type           Power        Failure   Level
a - Shock                 Conj/Air       84%          2%          1
b - Airstrike             Air            18%          3%          4

Your spell library contained the following spells:

 Spells                   Type           Power        Failure   Level
 Swiftness                Air            37%          1%          2
 Static Discharge         Conj/Air       21%          7%          3
 Lightning Bolt           Conj/Air       10%          54%         5


Dungeon Overview and Level Annotations

Branches:
Dungeon (1/1)

Altars:
Cheibriados
Dithmenos
Elyvilon
Fedhas
Gozag
Hepliaklqana
Kikubaaqudgha
Makhleb
Nemelex Xobeh
Okawaru
Qazlal
Ru
Sif Muna
Trog
Uskayaw
Vehumet
Wu Jian
Xom
Yredelemnul
Zin
The Shining One
Beogh
Jiyva
Lugonu


Innate Abilities, Weirdness & Mutations

You have a beak for a mouth.
You have claws for feet.


Message History

You are poisoned.
You feel yourself slow down. The hornet closely misses you.
Okay, then.
Casting: Shock (safe; 2% risk of failure)
Confirm with . or Enter, or press ? or * to list all spells.
Aiming: Shock (safe; 2% risk of failure)
Press: ? - help, Shift-Dir - straight line, f/p - howler monkey
Aim: a howler monkey (catching its breath, 29% to evade)
The zap hits the hornet.
The hornet is heavily wounded.
The zap hits the wyvern.
The wyvern is moderately wounded.
The zap hits the worker ant.
The worker ant is severely wounded.
The zap hits the howler monkey.
The howler monkey is lightly wounded.
You feel yourself speed up.
You feel sick. The hornet stings you!
Ouch! That really hurt!
You die...

▓.▓
▓)▓
▓h▓
▓.▓
▓B▓
▓l▓
▓y▓
▓@▓
▓.▓
▓[▓
▓[▓
▓[▓
▓.▓
▓)▓
▓.▓
▓.▓


You could see a hornet, a wyvern, a howler monkey and a worker ant.

Vanquished Creatures
  A hound (D)
  A worker ant (D)
  An adder (D)
  2 orcs (D)
  A hobgoblin (D)
  A jackal (D)
  A kobold (D)
  A quokka (D)
  2 frilled lizards (D)
  A jackal zombie (D)
12 creatures vanquished.

Notes
Turn   | Place    | Note
-------+----------+-------------------------------------------
     0 | D        | rocky1 the Tengu Air Elementalist began the quest for the
                  | Orb.
     0 | D        | Reached XP level 1. HP: 10/10 MP: 4/4
     5 | D        | Reached skill level 5 in Air Magic
    11 | D        | Reached skill level 6 in Air Magic
   407 | D        | Noticed a worker ant
   407 | D        | Noticed a hound
   409 | D        | Reached XP level 2. HP: 13/15 MP: 4/6
   416 | D        | Reached skill level 8 in Air Magic
   419 | D        | Reached skill level 9 in Air Magic
   419 | D        | Reached XP level 3. HP: 13/19 MP: 4/7
   421 | D        | Reached skill level 11 in Air Magic
   421 | D        | Reached XP level 4. HP: 16/24 MP: 2/8
   531 | D        | Found a roughly hewn altar of Beogh.
   531 | D        | Found a snail-covered altar of Cheibriados.
   531 | D        | Found a shadowy altar of Dithmenos.
   531 | D        | Found a white marble altar of Elyvilon.
   531 | D        | Found a blossoming altar of Fedhas.
   531 | D        | Found an opulent altar of Gozag.
   532 | D        | Found a hazy altar of Hepliaklqana.
   533 | D        | Found a viscous altar of Jiyva.
   534 | D        | Found an ancient bone altar of Kikubaaqudgha.
   535 | D        | Found a corrupted altar of Lugonu.
   536 | D        | Found a burning altar of Makhleb.
   537 | D        | Found a sparkling altar of Nemelex Xobeh.
   538 | D        | Found an iron altar of Okawaru.
   539 | D        | Found a stormy altar of Qazlal.
   540 | D        | Found a sacrificial altar of Ru.
   541 | D        | Found a shimmering blue altar of Sif Muna.
   542 | D        | Found a bloodstained altar of Trog.
   543 | D        | Found a hide-covered altar of Uskayaw.
   544 | D        | Found a radiant altar of Vehumet.
   545 | D        | Found an ornate altar of the Wu Jian Council.
   546 | D        | Found a shimmering altar of Xom.
   547 | D        | Found a basalt altar of Yredelemnul.
   548 | D        | Found a glowing silver altar of Zin.
   549 | D        | Became a worshipper of Sif Muna the Loreminder
   555 | D        | Learned a level 4 spell: Airstrike
   555 | D        | Found a glowing golden altar of the Shining One.
   585 | D        | Noticed a wyvern
   585 | D        | Noticed a hornet
   589 | D        | Slain by a hornet

Illustrated notes

Levels and vault maps discovered:
D:        linesprint [early_d, line_temple, items_1, d_10, items_2, lair_1,
          lair_end, items_3, orc_1, orc_end, items_4, d_15, swamp_1, shoals_1,
          snake_1, spider_1, d_20, vaults_1, items_5, swamp_end, shoals_end,
          snake_end, spider_end, vaults_end, d_27, items_6, zot_1, zot_end,
          crypt_end, forest_end, elf_end, slime_end, tomb_end, abyss_end,
          pan_hell_end]

Skill      XL: |  1  2  3 |
---------------+----------+-----
Air Magic      | 6 9 11 | 11.0
Fighting       | |  0.1
Long Blades    | |  0.1
Armour         | |  0.1
Dodging        | |  2.2
Stealth        | |  2.0
Spellcasting   | |  2.0
Conjurations   | |  1.4

Action                   |  1- 3 |  4- 6 || total
-------------------------+-------+-------++-------
Melee: Unarmed           |     3 |       ||     3
       Kick              |     1 |       ||     1
 Cast: Shock             |    14 |     3 ||    17
  Use: Potion            |     3 |       ||     3
Armor: Robe              |     2 |       ||     2
Dodge: Dodged            |    10 |     1 ||    11

Table legend: (Time is in decaauts)
 A = Elapsed time spent in this place.
 B = Non-inter-level travel time spent in this place.
 C = Inter-level travel time spent in this place.
 D = Time resting spent in this place.
 E = Time spent auto-exploring this place.
 F = Levels seen in this place.
 G = Mean time per level.
                   A        B        C        D        E       F      G
               +--------+--------+--------+--------+--------+-----+--------+
         Total |    587 |    587 |      0 |    478 |      0 |   1 |  587.0 |
       Dungeon |    587 |    587 |      0 |    478 |      0 |   1 |  587.0 |
               +--------+--------+--------+--------+--------+-----+--------+

Top non-repeatable levels by time:
       D: 587 daAuts
